 Dungeon Crawl Stone Soup version 0.31-a0-833-gc15d34cb79 (webtiles) character file.

Game seed: 10988675119924439872

196 Kurtz the Chopper (level 5, -8/36 HPs)
             Began as an Octopode Fighter on Sept 25, 2023.
             Was a Believer of Wu Jian.
             Killed from afar by an orc wizard (9 damage)
             ... with a magic dart
             ... on level 3 of the Dungeon.
             The game lasted 00:02:26 (1894 turns).

Kurtz the Chopper (Octopode Fighter)                Turns: 1894, Time: 00:02:27

Health: -8/36      AC:  3    Str: 17    XL:     5   Next: 74%
Magic:  5/5        EV: 13    Int: 11    God:    Wu Jian [**....]
Gold:   124        SH:  4    Dex: 11    Spells: 4/4 levels left

rFire   + . .        a - +0 war axe
rCold   . . .        b - +0 buckler
rNeg    . . .        (helmet restricted)
rPois   .            (no amulet)
rElec   .            (no ring)
rCorr   .            (no ring)
SInv    .            (no ring)
Will    .....        (no ring)
Stlth   ++           (no ring)
HPRegen 0.00/turn    (no ring)
MPRegen 0.09/turn    (no ring)
                     (no ring)

%: no passive effects
@: inhibited regen
A: almost no armour, amphibious, 8 rings, camouflage 1, gelatinous body 1,
(nimble swimmer 1), tentacles, iridescent scales 1, fire resistance 1, mutation
resistance 1, inhibited regeneration
a: Renounce Religion, Wall Jump


You were on level 3 of the Dungeon.
You worshipped Wu Jian.
Wu Jian was pleased with you.
You visited 1 branch of the dungeon, and saw 3 of its levels.

You collected 124 gold pieces.

Inventory:

Hand Weapons
 a - a +0 war axe (weapon)
Missiles
 g - 3 javelins
 p - 3 poisoned darts
Armour
 b - a +0 buckler (worn)
Scrolls
 f - a scroll of immolation {unknown}
 i - 2 scrolls of noise {unknown}
 j - a scroll of fog {unknown}
 k - a scroll of identify {unknown}
 l - a scroll of fear {unknown}
 m - a scroll of enchant weapon {unknown}
 n - 2 scrolls of teleportation {unknown}
Potions
 c - a potion of might
 d - a potion of haste {unknown}
 e - a potion of mutation
 h - a potion of heal wounds {unknown}
 o - a potion of resistance {unknown}


   Skills:
 - Level 3.0 Fighting
 * Level 5.8 Axes
 - Level 3.0 Dodging
 - Level 3.0 Shields


You had 4 spell levels left.
You didn't know any spells.
Your spell library contained the following spells:

 Spells                   Type           Power      Damage    Failure   Level
 Kiss of Death            Conj/Necr      0%         2d5       41%         1
 Sublimation of Blood     Necr           0%         N/A       56%         2
 Wereblood                Tmut           0%         N/A       56%         2
 Confusing Touch          Hex            0%         N/A       80%         3
 Dispel Undead            Necr           0%         3d6       99%         4
 Summon Hydra             Summ           0%         N/A       100%        7


Dungeon Overview and Level Annotations

Branches:
Dungeon (3/15)

Altars:
Wu Jian
Xom


Innate Abilities, Weirdness & Mutations

You cannot wear most types of armour.
You are amphibious.
You can wear up to eight rings at the same time.
Your skin changes colour to match your surroundings (Stealth+).
Your rubbery body absorbs attacks. (AC +1, EV +1)
((You are camouflaged when in or above water. (Stealth+)))
You have tentacles for arms and can constrict up to eight enemies at once.
You are partially covered in iridescent scales. (AC +2)
Your flesh is heat resistant. (rF+)
You are somewhat resistant to further mutation.
You do not regenerate when monsters are visible.


Message History

You kill the ball python!
The Council accepts your kill.
A magic dart appears from out of thin air!
The magic dart hits you.
You hear some strange, mumbled words.
Something tries to affect you, but you resist.
You lunge at the orc.
You slash the orc!
You kill the orc!
The Council accepts your kill.
You slash something! The Council accepts your kill.
Reactivating autopickup.
You feel a bit more experienced.
You slash something!
The orc hits you from afar with a +0 trident.
* * * LOW HITPOINT WARNING * * *
Something hits you but does no damage.
Deactivating autopickup; reactivate with Ctrl-A.
Items here: )) [ ††††.
You lunge at the orc.
You hit the orc. You grab the orc.
The orc is lightly wounded.
You constrict the orc. The orc barely misses you. Something hits you.
* * * LOW HITPOINT WARNING * * *
Something hits you.
* * * LOW HITPOINT WARNING * * *
You see here a +0 trident.
You slash the orc!
You kill the orc!
The Council accepts your kill.
You miss something. You barely miss something. Something hits you.
* * * LOW HITPOINT WARNING * * *
Something hits you.
* * * LOW HITPOINT WARNING * * *
Unknown command.
Okay, then.
You closely miss something. Your squeeze misses something.
You barely miss something.
You hear some strange, mumbled words.
A magic dart appears from out of thin air!
The magic dart hits you!
You die...

######### #>......#
### #.#####.# .. #†#
### ######.# #.# ..
......# . #.# .# #
#.#...###.#
#.##.##.#
#...?.....#
#.......#
#.##.{)....#
###..#### #.....@)#
#.## ######)## #.#
#.# #.# #.# #.#
##'## #.# ##...##
#.#### ##.....##
#.##.## ##.......##
#.#...####.†.......#


There were no monsters in sight!

Vanquished Creatures
  A hound (D:3)
  An orc wizard (D:3)
  3 gnolls (D:2)
  3 adders
  4 dart slugs
  8 orcs
  5 endoplasms
  3 giant cockroaches
  9 goblins
  5 hobgoblins
  2 jackals (D:2)
  2 quokkas (D:3)
  11 ball pythons
  4 bats
  3 frilled lizards
  2 kobolds (D:2)
  5 rats
71 creatures vanquished.

Notes
Turn   | Place    | Note
-------+----------+-------------------------------------------
     0 | D:1      | Kurtz the Octopode Fighter began the quest for the Orb.
     0 | D:1      | Reached XP level 1. HP: 16/16 MP: 1/1
   116 | D:1      | Reached XP level 2. HP: 15/21 MP: 2/2
   184 | D:1      | Reached skill level 3 in Axes
   813 | D:2      | Reached XP level 3. HP: 26/26 MP: 3/3
   824 | D:2      | Reached skill level 4 in Axes
   864 | D:2      | Found a faded altar of an unknown god.
   874 | D:2      | Reached XP level 4. HP: 31/31 MP: 4/4
   880 | D:2      | Prayed at the altar of an unknown god.
   880 | D:2      | Became a worshipper of the Wu Jian Council
   880 | D:2      | Reached * piety under Wu Jian
  1590 | D:3      | Reached skill level 5 in Axes
  1590 | D:3      | Reached XP level 5. HP: 36/36 MP: 5/5
  1629 | D:3      | Reached ** piety under Wu Jian
  1787 | D:3      | Found a shimmering altar of Xom.
  1788 | D:3      | Found a shimmering altar of Xom.
  1788 | D:3      | Found a shimmering altar of Xom.
  1789 | D:3      | Found a shimmering altar of Xom.
  1887 | D:3      | Gained mutation: You are partially covered in iridescent
                  | scales. (AC +2) [potion of mutation]
  1887 | D:3      | Gained mutation: Your flesh is heat resistant. (rF+)
                  | [potion of mutation]
  1887 | D:3      | Gained mutation: You do not regenerate when monsters are
                  | visible. [potion of mutation]
  1887 | D:3      | Gained mutation: You are somewhat resistant to further
                  | mutation. [potion of mutation]
  1893 | D:3      | HP: 1/36 [something (1)]
  1894 | D:3      | Killed from afar by an orc wizard

Illustrated notes

Levels and vault maps discovered:
D:1:      minmay_arrival_checkered_box, layout_basic
D:2:      layout_basic, ebering_ecumenical_altar_webs
D:3:      layout_loops_corners, xom_redecorated,
          nicolae_overflow_ecumenical_swirl, lightli_sewer_entry_pipes,
          minmay_circle_x

Skill      XL: |  1  2  3  4 |
---------------+-------------+-----
Axes           | 3 4 5 |  5.8
Fighting       | |  3.0
Dodging        | |  3.0
Shields        | |  3.0

Action                     |  1- 3 |  4- 6 || total
---------------------------+-------+-------++-------
  Melee: War axe           |    39 |    75 ||   114
         Constrict         |    13 |    22 ||    35
         Tentacles         |     8 |    15 ||    23
         Punch             |     1 |       ||     1
Ability: Lunge             |       |     7 ||     7
         Whirlwind         |       |     1 ||     1
    Use: Potion            |       |     1 ||     1
   Stab: Sleeping          |     2 |     8 ||    10
 Armour: Skin              |     8 |    39 ||    47
  Dodge: Dodged            |    23 |    47 ||    70
  Block: Buckler           |     6 |    13 ||    19

Table legend: (Time is in decaauts)
 A = Elapsed time spent in this place.
 B = Non-inter-level travel time spent in this place.
 C = Inter-level travel time spent in this place.
 D = Time resting spent in this place.
 E = Time spent auto-exploring this place.
 F = Levels seen in this place.
 G = Mean time per level.
                   A        B        C        D        E       F      G
               +--------+--------+--------+--------+--------+-----+--------+
         Total |   1928 |   1819 |    109 |     60 |   1215 |   3 |  642.7 |
       Dungeon |   1928 |   1819 |    109 |     60 |   1215 |   3 |  642.7 |
               +--------+--------+--------+--------+--------+-----+--------+

Top non-repeatable levels by time:
     D:1: 819 daAuts
     D:2: 690 daAuts
     D:3: 419 daAuts
